 Dungeon Crawl Stone Soup version 0.20.0-15-g7f486f2 (webtiles) character file.

291 greprep the Covert (level 6, -3/36 HPs)
             Began as an Octopode Enchanter on June 29, 2017.
             Slain by a crocodile (13 damage)
             ... in a sewer.
             The game lasted 00:06:41 (3378 turns).

greprep the Covert (Octopode Enchanter)             Turns: 3378, Time: 00:06:43

Health: -3/36      AC:  1    Str:  4    XL:     6   Next: 32%
Magic:  2/9        EV: 15    Int: 19    God:
Gold:   74         SH:  0    Dex: 13    Spells: 6/9 levels left

rFire    . . .     SeeInvis .   a - +1 dagger
rCold    . . .     Gourm    .   (no shield)
rNeg     . . .     Faith    .   (helmet restricted)
rPois    .         Spirit   .   (no amulet)
rElec    .         Reflect  .   p - -3 ring of strength (curse)
rCorr    .         Harm     .   (no ring)
MR       .....                  (no ring)
Stlth    +++++.....             (no ring)
Regen    0.2/turn               (no ring)
MPRegen  0.2/turn               (no ring)
                                (no ring)
                                (no ring)

@: no status effects
A: almost no armour, stealthy swim, amphibious, 8 rings, constrict 8, camouflage
1, gelatinous body 1
a: no special abilities


You were in a sewer.
You were very hungry.

You visited 1 branch of the dungeon, and saw 3 of its levels.
You also visited: Sewer.

You collected 74 gold pieces.

Inventory:

Hand Weapons
 a - a +1 dagger (weapon)
Armour
 n - a +1 buckler
Jewellery
 p - a cursed -3 ring of strength (left tentacle)
Scrolls
 g - a scroll of blinking {unknown}
 h - 2 scrolls of teleportation
 k - a scroll of random uselessness {unknown}
 l - a scroll of enchant armour
 o - 3 scrolls of fear
Potions
 d - 3 potions of lignification {unknown}
 f - 2 potions of ambrosia {unknown}
 i - 3 potions of heal wounds {unknown}
 j - a potion of might {unknown}
 m - 2 potions of agility {unknown}
 q - a potion of invisibility {unknown}
Books
 b - a book of Maledictions

   Spells                             Type                      Level
   a - Corona                         Hexes                        1
   b - Ensorcelled Hibernation        Hexes/Ice                    2
   c - Confuse                        Hexes                        3
   d - Tukima's Dance                 Hexes                        3
   e - Dazzling Spray                 Conjuration/Hexes            3
Comestibles
 c - a bread ration
 r - a meat ration


   Skills:
 - Level 1.0 Short Blades
 + Level 3.8 Dodging
 + Level 8.1 Stealth
 * Level 1.5 Shields
 - Level 2.0 Spellcasting
 - Level 3.0 Hexes


You had 6 spell levels left.
You knew the following spells:

 Your Spells              Type           Power        Failure   Level  Hunger
a - Corona                Hex            ##.....      4%          1    #......
b - Ensorcelled Hibernat  Hex/Ice        #.....       14%         2    ###....


Dungeon Overview and Level Annotations

Branches:
Dungeon (3/15)

Altars:
Elyvilon
Fedhas
Kikubaaqudgha
Zin
The Shining One


Innate Abilities, Weirdness & Mutations

You cannot wear most types of armour.
You are very stealthy in the water. (Stealth+)
You are amphibious.
You can wear up to eight rings at the same time.
You can use your tentacles to constrict eight enemies at once.
Your skin changes colour to match your surroundings (Stealth+).
Your rubbery body absorbs attacks. (AC +1, EV +1)


Message History

The crocodile bites you.
You hit the crocodile but do no damage.
You squeeze the crocodile, but do no damage.
The crocodile is almost dead.
The crocodile bites you!
* * * LOW HITPOINT WARNING * * *
You closely miss the crocodile.
The crocodile is almost dead.
The crocodile bites you.
* * * LOW HITPOINT WARNING * * *
You hit the crocodile but do no damage.
The crocodile is almost dead.
The crocodile misses you.
You hit the crocodile but do no damage.
The crocodile is almost dead.
The crocodile misses you.
You hit the crocodile but do no damage.
The crocodile is almost dead.
The crocodile bites you!
You die...

## ## ###
#"!#. [%#
#/.#t#.(#
#≈≈@#
##≈.≈##
#≈..≈.#
#..≈..##
#..≈#...#
#.≈###≈.##
#... #.≈.#
#≈.# ##≈≈#
#.. #≈.#


You could see a crocodile.

Vanquished Creatures
  Sigmund (D:3)
  Jessica (D:3)
  2 adders (D:2)
  An ooze (D:1)
  2 dart slugs
  4 leopard geckos
  6 bats
  14 giant cockroaches
  4 goblins
  10 hobgoblins
  8 jackals
  11 kobolds
  A quokka (D:2)
  3 ball pythons
  A frilled lizard (D:1)
  5 rats
74 creatures vanquished.

Notes
Turn   | Place    | Note
-------+----------+-------------------------------------------
     0 | D:1      | greprep the Octopode Enchanter began the quest for the Orb.
     0 | D:1      | Reached XP level 1. HP: 11/11 MP: 3/3
    31 | D:1      | Reached XP level 2. HP: 17/17 MP: 5/5
   438 | D:1      | Reached skill level 5 in Stealth
   458 | D:1      | Learned a level 2 spell: Ensorcelled Hibernation
  1035 | D:1      | Reached XP level 3. HP: 20/21 MP: 6/6
  1397 | D:2      | Found a faded altar of an unknown god.
  2141 | D:2      | Reached skill level 6 in Stealth
  2141 | D:2      | Reached XP level 4. HP: 22/27 MP: 7/7
  2210 | D:2      | Found a glowing silver altar of Zin.
  2747 | D:2      | Found an ancient bone altar of Kikubaaqudgha.
  2747 | D:2      | Found a white marble altar of Elyvilon.
  2748 | D:2      | Found a blossoming altar of Fedhas.
  2832 | D:3      | Noticed Jessica
  2837 | D:3      | Killed Jessica
  2837 | D:3      | Reached XP level 5. HP: 31/31 MP: 3/8
  2903 | D:3      | Found a glowing golden altar of the Shining One.
  2905 | D:3      | Noticed Sigmund
  2909 | D:3      | Reached skill level 7 in Stealth
  2914 | D:3      | Killed Sigmund
  2914 | D:3      | Reached skill level 8 in Stealth
  2914 | D:3      | Reached skill level 1 in Shields
  2914 | D:3      | Reached XP level 6. HP: 36/36 MP: 9/9
  2922 | D:3      | Found a glowing drain.
  3015 | Sewer    | Entered a sewer
  3378 | Sewer    | Slain by a crocodile

Skill      XL: |  1  2  3  4  5 |
---------------+----------------+-----
Stealth        | 5 6 8 |  8.1
Dodging        | 3 |  3.8
Shields        | 1 |  1.5
Short Blades   | |  1.0
Spellcasting   | |  2.0
Hexes          | |  3.0

Action                   |  1- 3 |  4- 6 || total
-------------------------+-------+-------++-------
Melee: Dagger            |    89 |   112 ||   201
       Tentacles         |    10 |    16 ||    26
       Constrict         |    19 |    26 ||    45
 Cast: Ensorcelled Hiber |       |     5 ||     5
  Use: Scroll            |       |     3 ||     3
 Stab: Sleeping          |    11 |    13 ||    24
       Distracted        |       |     1 ||     1
  Eat: Chunk             |     1 |     4 ||     5
       Royal jelly       |     1 |       ||     1
Armor: Skin              |     4 |     8 ||    12
Dodge: Dodged            |    63 |    79 ||   142
